 Dungeon Crawl Stone Soup version 0.26-a0-649-gf8c6c3aab7 (webtiles) character file.

Game seed: 15782049471931079393

21401 djmy96 the Unseen (level 12, -7/85 HPs)
             Began as a Vampire Brigand on Sept 27, 2020.
             Was a High Priest of Sif Muna.
             Mangled by a blink frog (17 damage)
             ... on level 4 of the Lair of Beasts.
             The game lasted 01:12:17 (21405 turns).

djmy96 the Unseen (Vampire Brigand)                Turns: 21405, Time: 01:12:18

Health: -7/85      AC: 10    Str: 10    XL:     12   Next: 53%
Magic:  5/21       EV: 18    Int: 14    God:    Sif Muna [*****.]
Gold:   1235       SH:  0    Dex: 25    Spells: 13/24 levels left

rFire    . . .     SeeInvis +   A - +1 dagger (drain)
rCold    . . .     Faith    +   (no shield)
rNeg     + . .     Spirit   .   M - +0 troll leather armour
rPois    +         Reflect  .   o - +0 hat
rElec    .         Harm     .   H - +2 ratskin cloak {*Rats rPois rN+ Str-1 Int-1 Dex+1}
rCorr    .         Rampage  .   t - +0 pair of gloves
MR       +....                  b - +0 pair of boots
Stlth    +++++++...             z - amulet of faith
HPRegen  0.84/turn              r - +6 ring of dexterity
MPRegen  0.17/turn              I - +4 ring of slaying

@: very slightly contaminated, regenerating quickly
A: fangs 3, see invisible, unbreathing
a: Exsanguinate, Channel Magic, Forget Spell, Divine Exegesis, Renounce Religion


You were on level 4 of the Lair of Beasts.
You worshipped Sif Muna.
Sif Muna was extremely pleased with you.
You visited 3 branches of the dungeon, and saw 18 of its levels.
You also visited: Sewer.

You collected 1307 gold pieces.
You spent 72 gold pieces at shops.

Inventory:

Hand Weapons
 u - a +0 long sword of flaming
 w - a +1 short sword of flaming
 A - a +1 dagger of draining (weapon)
 O - a +2 dagger of venom
Missiles
 d - 80 poisoned darts
 n - 2 curare-tipped darts
 q - 15 boomerangs (quivered)
 C - a throwing net
Armour
 b - a +0 pair of boots (worn)
 m - a +1 robe of cold resistance
 o - a +0 hat (worn)
 t - a +0 pair of gloves (worn)
 H - the +2 ratskin cloak (worn) {*Rats rPois rN+ Str-1 Int-1 Dex+1}
   (You found it on level 7 of the Dungeon)

   It affects your strength (-1).
   It affects your intelligence (-1).
   It affects your dexterity (+1).
   It protects you from poison.
   It protects you from negative energy.
 M - a +0 troll leather armour (worn)
Jewellery
 e - a cursed ring of ice
 l - an uncursed ring of ice
 p - an uncursed ring of resist corrosion
 r - a +6 ring of dexterity (left hand)
 z - an amulet of faith (around neck)
 B - an uncursed amulet of guardian spirit {unknown}
 G - an uncursed ring of flight {unknown}
 I - a +4 ring of slaying (right hand)
Wands
 c - a wand of acid (31)
 J - a wand of disintegration (9)
Scrolls
 a - 6 scrolls of identify {unknown}
 f - a scroll of holy word {unknown}
 g - a scroll of random uselessness {unknown}
 h - 3 scrolls of remove curse {unknown}
 j - a scroll of magic mapping {unknown}
 v - a scroll of torment {unknown}
 x - a scroll of teleportation
 y - 2 scrolls of enchant weapon {unknown}
 D - a scroll of fog {unknown}
 E - a scroll of amnesia {unknown}
Potions
 i - 3 potions of heal wounds {unknown}
 k - 4 potions of curing
 s - a potion of stabbing {unknown}
 F - a potion of berserk rage {unknown}
 K - a potion of cancellation {unknown}


   Skills:
 + Level 4.9 Fighting
 + Level 7.5 Short Blades
 + Level 6.3 Throwing
 + Level 3.8 Armour
 + Level 7.4 Dodging
 + Level 16.3 Stealth
 + Level 6.6 Spellcasting
 + Level 13.2 Hexes


You had 13 spell levels left.
You knew the following spells:

 Your Spells              Type           Power        Failure   Level
a - Slow                  Hex            #####...     1%          2
b - Corona                Hex            #####..      1%          1
c - Confusing Touch       Hex            #####...     1%          3
d - Tukima's Dance        Hex            #####...     1%          3
e - Blink                 Tloc           N/A          30%         2

Your spell library contained the following spells:

 Spells                   Type           Power        Failure   Level
 Ensorcelled Hibernation  Hex/Ice        ###...       1%          2
 Dazzling Flash           Conj/Hex       ###...       3%          3
 Fulminant Prism          Conj/Hex       ###.......   13%         4
 Animate Skeleton         Necr           #.....       21%         1
 Apportation              Tloc           #.....       21%         1
 Freeze                   Ice            #...         21%         1
 Magic Dart               Conj           #...         21%         1
 Sting                    Tmut/Pois      #...         21%         1
 Summon Small Mammal      Summ           #...         21%         1
 Call Imp                 Summ           #.......     30%         2
 Poisonous Vapours        Pois/Air       #.....       30%         2
 Searing Ray              Conj           #.....       30%         2
 Yara's Violent Unravell  Hex/Tmut       ###.......   34%         5
 Conjure Flame            Conj/Fire      #.......     52%         3
 Frozen Ramparts          Ice            #.....       52%         3
 Ignite Poison            Fire/Tmut/Pois #.......     52%         3
 Mephitic Cloud           Conj/Pois/Air  #.......     52%         3
 Ozocubu's Armour         Ice            #.......     52%         3
 Hailstorm                Conj/Ice       #.......     89%         4
 Iskenderun's Mystic Bla  Conj/Tloc      #.......     89%         4
 Summon Ice Beast         Ice/Summ       #.......     89%         4
 Freezing Cloud           Conj/Ice/Air   #.........   100%        6
 Hydra Form               Tmut           #.........   100%        6


Dungeon Overview and Level Annotations

Branches:
Dungeon (13/15)            Temple (1/1) D:7            Lair (4/6) D:10
 Shoals (0/4) Lair:2       Spider (0/4) Lair:2          Orc (0/2) D:12
  Sewer (visited)
 Vaults: D:13-14

Altars:
Ashenzari
Cheibriados
Dithmenos
Elyvilon
Fedhas
Gozag
Hepliaklqana
Kikubaaqudgha
Makhleb
Nemelex Xobeh
Okawaru
Qazlal
Ru
Sif Muna
Trog
Uskayaw
Vehumet
Wu Jian
Xom
Yredelemnul
Zin
The Shining One
Lugonu

Shops:
D:8 *

Annotations:
D:11 1 runed translucent door, timneilson's ghost, journeyman DECj
D:13 Rupert


Innate Abilities, Weirdness & Mutations

Your natural rate of healing is unusually fast.
You have razor-sharp teeth.
You have supernaturally acute eyesight. (SInv)
You can survive without breathing.


Message History

Casting: Blink (dangerous; 30% risk of failure)
Confirm with . or Enter, or press ? or * to list all spells.
You blink.
The blink frog blinks!
Casting: Blink (dangerous; 30% risk of failure)
Confirm with . or Enter, or press ? or * to list all spells.
You blink.
The blink frog blinks!
Casting: Blink (dangerous; 30% risk of failure)
Confirm with . or Enter, or press ? or * to list all spells.
You miscast Blink.
Nothing appears to happen.
The blink frog blinks!
The blink frog hits you!
* * * LOW HITPOINT WARNING * * *
The blink frog blinks!
Unknown command.
A cane toad comes into view.
The blink frog blinks!
The blink frog misses you. The blink frog hits you!
* * * LOW HITPOINT WARNING * * *
A river rat scurries out from under your cloak.
You feel better.
The blink frog blinks! x2; The blink frog barely misses you.
The blink frog hits you!
You die...

P. ##....###...##.....##
#..#......##....F......#
..........#..Y#.#..#P..#
#....F...+..##########
#.##...##...#.#####P
##F#.P##.....F.....
#.###..#####...........
#.............Fr......F
#P........F....F@.......
##.........§..§.........
#...........[...........
#......#.###.....§......
##..#.#...#P......###...
#...#....##.....### .#
#........##.......# #
..#.....#.........
+......#.....###


You could see an elephant (confused), a cane toad (asleep), 4 blink frogs and a
friendly river rat.

Vanquished Creatures
  Gastronok (D:11)
  A hydra (D:12)
  Fannar (D:9)
  An unseen horror (D:11)
  A wolf spider (Lair:2)
  A manticore (D:12)
  2 ugly things
  Joseph (D:7)
  A centaur skeleton (D:12)
  7 cane toads
  4 komodo dragons
  Maggie (D:9)
  A rime drake (Lair:2)
  A jumping spider (Lair:2)
  2 trolls
  Grinder (D:4)
  3 blink frogs (Lair:4)
  3 hippogriffs
  A snapping turtle (Lair:2)
  A redback (Lair:2)
  A wraith (D:10)
  2 basilisks (Lair:2)
  9 yaks
  2 vampire mosquitoes (D:12)
  Edmund (D:4)
  2 acid dragons
  8 water moccasins
  5 porcupines
  8 sky beasts
  2 ice beasts
  4 orc warriors
  2 eyes of draining
  3 black bears
  4 ogres
  5 wolves
  5 centaurs
  A crocodile (Sewer)
  A big kobold (D:12)
  9 bullfrogs
  A scorpion (D:7)
  3 wights (D:9)
  9 killer bees
  4 howler monkeys
  4 electric eels (Lair:2)
  A centaur zombie (D:9)
  A bullfrog zombie (D:12)
  A jelly (D:7)
  6 orc priests
  4 hounds
  11 orc wizards
  2 iguanas
  A hell rat (D:7)
  16 worker ants
  2 worker ant zombies
  3 gnolls (D:3)
  6 river rats (D:7)
  10 adders
  2 shadow imps
  A white imp (D:5)
  An ufetubus (D:5)
  An ooze (D:1)
  2 adder skeletons
  A dart slug (D:1)
  3 leopard geckos
  34 orcs
  14 bats
  A bat zombie (D:6)
  11 giant cockroaches
  4 goblins
  5 hobgoblins
  7 jackals
  4 quokkas
  A ball python (D:1)
  7 frilled lizards
  13 kobolds
  26 rats
332 creatures vanquished.

Vanquished Creatures (collateral kills)
  A skeletal warrior (D:12)
  A cane toad (Lair:3)
  A yak (Lair:3)
  2 orc warriors
  A wolf (Lair:2)
  A bullfrog (D:10)
  A wight (D:9)
  2 orc priests
  An orc wizard (D:10)
  2 orcs
13 creatures vanquished.

Vanquished Creatures (others)
  7 dancing weapons
  A demonic plant (Temple)
  6 fungi
  12 plants
26 creatures vanquished.

Grand Total: 371 creatures vanquished

Notes
Turn   | Place    | Note
-------+----------+-------------------------------------------
     0 | D:1      | djmy96 the Vampire Brigand began the quest for the Orb.
     0 | D:1      | Reached XP level 1. HP: 16/16 MP: 1/1
    90 | D:1      | Reached skill level 6 in Stealth
   112 | D:1      | Reached XP level 2. HP: 17/17 MP: 2/2
   443 | D:1      | Reached XP level 3. HP: 21/21 MP: 3/3
   461 | D:1      | Reached skill level 7 in Stealth
   803 | D:2      | Found a basalt altar of Yredelemnul.
   838 | D:2      | Reached XP level 4. HP: 26/26 MP: 4/4
  1389 | D:2      | Found a shimmering blue altar of Sif Muna.
  1392 | D:2      | Became a worshipper of Sif Muna the Loreminder
  1443 | D:2      | Reached skill level 8 in Stealth
  1457 | D:2      | Found a sparkling altar of Nemelex Xobeh.
  1587 | D:3      | Found a shimmering blue altar of Sif Muna.
  1589 | D:3      | Found a bloodstained altar of Trog.
  1589 | D:3      | Found a sacrificial altar of Ru.
  1591 | D:3      | Found a shimmering altar of Xom.
  1591 | D:3      | Found a glowing silver altar of Zin.
  1591 | D:3      | Found an iron altar of Okawaru.
  1701 | D:3      | Learned a level 2 spell: Slow
  1794 | D:3      | Reached XP level 5. HP: 15/30 MP: 5/5
  3220 | D:4      | Reached skill level 9 in Stealth
  3220 | D:4      | Reached skill level 1 in Hexes
  3367 | D:4      | Reached * piety under Sif Muna
  3367 | D:4      | Reached XP level 6. HP: 35/35 MP: 6/6
  3662 | D:4      | Noticed Grinder
  3668 | D:4      | Killed Grinder
  3715 | D:4      | Noticed Edmund
  3718 | D:4      | Killed Edmund
  3718 | D:4      | Reached skill level 10 in Stealth
  3718 | D:4      | Reached XP level 7. HP: 40/40 MP: 7/7
  3750 | D:5      | Entered Level 5 of the Dungeon
  3829 | D:5      | Found a white marble altar of Elyvilon.
  3882 | D:5      | Found a glowing drain.
  3945 | Sewer    | Entered a sewer
  4253 | D:5      | Reached skill level 11 in Stealth
  4449 | D:5      | Found a broken altar of Ashenzari.
  4550 | D:5      | Found a radiant altar of Vehumet.
  5025 | D:6      | Reached skill level 1 in Spellcasting
  5058 | D:6      | Learned a level 1 spell: Corona
  5075 | D:6      | Reached XP level 8. HP: 45/45 MP: 9/9
  5300 | D:6      | Noticed a hippogriff
  5814 | D:6      | Reached ** piety under Sif Muna
  5814 | D:6      | Reached skill level 12 in Stealth
  6014 | D:6      | Found an ancient bone altar of Kikubaaqudgha.
  6279 | D:7      | Found a stormy altar of Qazlal.
  6279 | D:7      | Found a shadowy altar of Dithmenos.
  6438 | D:7      | Noticed a hippogriff
  6952 | D:7      | Noticed Joseph
  7301 | D:7      | Reached skill level 5 in Hexes
  7552 | D:7      | Killed Joseph
  7552 | D:7      | Reached XP level 9. HP: 41/64 MP: 11/11
  8004 | D:7      | Found the +2 ratskin cloak {*Rats rPois rN+ Str-1 Int-1
                  | Dex+1}
  8455 | D:7      | Found a staircase to the Ecumenical Temple.
  8551 | D:5      | Reached *** piety under Sif Muna
  8815 | D:8      | Reached skill level 13 in Stealth
  8912 | D:8      | Found a burning altar of Makhleb.
  8920 | D:8      | Learned a level 3 spell: Confusing Touch
  8924 | D:8      | Learned a level 3 spell: Tukima's Dance
  8947 | D:8      | Reached skill level 5 in Short Blades
  9022 | D:8      | Noticed a green ugly thing
  9033 | D:8      | Killed a green ugly thing
  9120 | D:8      | Found Ifeecek's General Store.
  9127 | D:8      | Bought a scroll of teleportation for 36 gold pieces
  9127 | D:8      | Bought a potion of flight for 36 gold pieces
  9354 | D:8      | Found a glowing silver altar of Zin.
  9355 | D:8      | Noticed an angel
  9355 | D:8      | Noticed a cacodemon
  9459 | D:9      | Noticed Maggie
  9474 | D:9      | Killed Maggie
  9474 | D:9      | Reached skill level 5 in Throwing
  9815 | D:9      | Found a snail-covered altar of Cheibriados.
  9819 | D:9      | Reached skill level 5 in Dodging
 10056 | D:9      | Noticed a troll
 10067 | D:9      | Killed a troll
 10206 | D:9      | Reached XP level 10. HP: 71/71 MP: 0/12
 10709 | D:10     | Entered Level 10 of the Dungeon
 10710 | D:10     | Noticed Fannar
 11318 | D:10     | Reached skill level 14 in Stealth
 11387 | D:10     | Reached skill level 1 in Armour
 11482 | D:10     | Found a staircase to the Lair.
 11673 | D:10     | Reached **** piety under Sif Muna
 12022 | Temple   | Entered the Ecumenical Temple
 12095 | Temple   | Learned a level 2 spell: Blink
 12226 | D:11     | Reached skill level 10 in Hexes
 12261 | D:11     | Noticed Gastronok
 12432 | D:11     | Found a runed translucent door.
 12432 | D:11     | Found a shimmering altar of Xom.
 12432 | D:11     | Noticed timneilson's ghost (journeyman DECj)
 12433 | D:11     | Noticed a +1 long sword of chaos
 12556 | D:11     | Noticed an unseen horror
 12563 | D:11     | Killed an unseen horror
 13106 | D:12     | Noticed a skeletal warrior
 13190 | D:12     | Found a staircase to the Orcish Mines.
 13190 | D:12     | Noticed a four-headed hydra
 13286 | D:12     | Noticed a skeletal warrior
 13286 | D:12     | Noticed a skeletal warrior
 13286 | D:12     | Noticed a skeletal warrior
 13286 | D:12     | Noticed a skeletal warrior
 13327 | D:9      | Found a snail-covered altar of Cheibriados.
 13736 | D:9      | Killed Fannar
 13736 | D:9      | Reached XP level 11. HP: 70/77 MP: 15/15
 14429 | D:11     | Killed Gastronok
 14793 | D:11     | Found a runed translucent door.
 14793 | D:11     | Found a shimmering altar of Xom.
 15628 | D:11     | Found a runed translucent door.
 15628 | D:11     | Found a shimmering altar of Xom.
 15891 | D:12     | Reached skill level 15 in Stealth
 16659 | D:12     | Killed a skeletal warrior
 16840 | D:12     | Killed a four-headed hydra
 17061 | D:12     | Noticed a skeletal warrior
 17268 | D:12     | Found a stormy altar of Qazlal.
 17269 | D:12     | Noticed a skeletal warrior
 17609 | D:12     | Noticed a skeletal warrior
 17818 | D:12     | Noticed a skeletal warrior
 18145 | D:13     | Noticed a brown ugly thing
 18162 | D:13     | Killed a brown ugly thing
 18162 | D:13     | Reached skill level 5 in Spellcasting
 18199 | D:13     | Noticed Rupert
 18228 | D:13     | Noticed a two-headed ogre
 18299 | Lair:1   | Entered Level 1 of the Lair of Beasts
 18336 | Lair:1   | Found an opulent altar of Gozag.
 18510 | Lair:1   | Found the +6 shillelagh "Devastator" {shatter}
 19144 | Lair:2   | Reached XP level 12. HP: 84/84 MP: 20/20
 19621 | Lair:2   | Found a staircase to the Shoals.
 19647 | Lair:2   | Reached ***** piety under Sif Muna
 19853 | Lair:2   | Found a hole to the Spider Nest.
 19871 | Lair:2   | Reached skill level 16 in Stealth
 20016 | Lair:2   | Identified Sif Muna's Catalogue of Changing (Sif Muna
                  | gifted it to you on level 2 of the Lair of Beasts)
 20016 | Lair:2   | Received a gift from Sif Muna
 21348 | Lair:4   | Found an iron altar of Okawaru.
 21404 | Lair:4   | HP: 1/85 [blink frog (13)]
 21405 | Lair:4   | Mangled by a blink frog

Illustrated notes

Levels and vault maps discovered:
D:1:      minmay_arrival_split_and_join, layout_basic
D:2:      layout_rooms, nicolae_overflow_crystal_walls,
          overflow_temple_1_default, lemuel_blue_sif_altar, hex_tiny
D:3:      layout_basic, doesnt_xom_only_xom
D:4:      layout_loops_cross, uniq_edmund, uniq_grinder
D:5:      layout_loops_ring, kennysheep_little_box, elyvilon_altar_3,
          cheibrodos_ashenzari_chains, cheibrodos_sewer_entry_drain
D:6:      layout_basic, lemuel_zombie_altar_kikubaaqudgha,
          lightli_corner_chamber
D:7:      wander_guarded_unrand_ratskin, layout_cave_pools,
          chequers_temple_overflow_statue_of_worship, temple_fountains,
          nrook_mini_backslash, patterned_corridor, uniq_joseph
D:8:      layout_loops_ring, grunt_temple_overflow_order_and_chaos_2,
          serial_shops, nicolae_shop_crystal
D:9:      layout_irregular_city, cheibriados_altar_1, uniq_maggie
D:10:     layout_rooms, david_lair_shrubbed, uniq_fannar
D:11:     layout_loops_cross, ebering_ghost_xom, uniq_gastronok
D:12:     layout_rooms, basic_altar
D:13:     layout_basic, grunt_vaults_entry_tiered, serial_shops, shop,
          uniq_kirke, uniq_rupert, uniq_azrael
Temple:   corrupted_temple
Lair:1:   layout_chaotic_city, basic_altar, grunt_forest_stairs_basic
Lair:2:   layout_concentric_octagons, minmay_shoals_entry_hut,
          spider_nest_entry_funnel_web, chequers_serial_rivers_micro_b,
          grunt_forest_small_clearings, st_stairs_13, serial_bayou_shore_a,
          infiniplex_staircase_pool
Lair:3:   layout_chaotic_city, minivault_26, grunt_megastairs_2
Lair:4:   layout_regular_city, basic_altar, hellmonk_ghost_happy_afterlife,
          uniq_josephine

Skill      XL: |  1  2  3  4  5  6  7  8  9 10 11 12 |
---------------+-------------------------------------+-----
Stealth        | 6 7 8 9 10 11 12 13 14 15 16 | 16.3
Fighting       | 2 3 4 |  4.9
Short Blades   | 3 4 5 6 7 |  7.5
Hexes          | 1 3 6 8 10 12 13 | 13.2
Throwing       | 2 4 5 6 |  6.3
Dodging        | 2 3 4 5 6 7 |  7.4
Spellcasting   | 1 3 5 6 |  6.6
Armour         | 2 3 |  3.8

Action                   |  1- 3 |  4- 6 |  7- 9 | 10-12 || total
-------------------------+-------+-------+-------+-------++-------
Melee: Dagger            |    56 |   102 |   346 |   626 ||  1130
       Bite              |     4 |     9 |    40 |   116 ||   169
       Short sword       |       |       |       |    12 ||    12
       Long sword        |       |       |       |     3 ||     3
Throw: Dart              |       |    15 |    78 |    58 ||   151
       Boomerang         |       |       |    24 |     8 ||    32
       Throwing net      |       |       |       |     1 ||     1
 Cast: Slow              |       |       |    38 |    18 ||    56
       Corona            |       |       |     9 |    16 ||    25
       Tukima's Dance    |       |       |    10 |    54 ||    64
       Confusing Touch   |       |       |     6 |    62 ||    68
       Blink             |       |       |       |    22 ||    22
 Abil: Exsanguinate      |     1 |       |       |       ||     1
       Revivify          |       |       |     1 |       ||     1
  Use: Scroll            |       |       |       |     1 ||     1
       Potion            |       |       |       |     3 ||     3
 Stab: Sleeping          |    15 |    21 |    31 |    28 ||    95
       Distracted        |       |     3 |     3 |     1 ||     7
       Confused          |       |       |     5 |    31 ||    36
       Held in net/web   |       |       |       |     1 ||     1
Armor: Robe              |     6 |    19 |    40 |       ||    65
       Troll leather arm |       |       |       |   145 ||   145
Dodge: Dodged            |    27 |    60 |   189 |   477 ||   753

Table legend: (Time is in decaauts)
 A = Elapsed time spent in this place.
 B = Non-inter-level travel time spent in this place.
 C = Inter-level travel time spent in this place.
 D = Time resting spent in this place.
 E = Time spent auto-exploring this place.
 F = Levels seen in this place.
 G = Mean time per level.
                   A        B        C        D        E       F      G
               +--------+--------+--------+--------+--------+-----+--------+
         Total |  21187 |  19419 |   1768 |    780 |  13710 |  19 | 1115.1 |
       Dungeon |  17822 |  16124 |   1698 |    713 |  11170 |  13 | 1370.9 |
        Temple |     80 |     76 |      4 |      0 |     25 |   1 |   80.0 |
          Lair |   3055 |   2989 |     66 |     67 |   2333 |   4 |  763.8 |
         Sewer |    229 |    229 |      0 |      0 |    182 |   1 |  229.0 |
               +--------+--------+--------+--------+--------+-----+--------+

Top non-repeatable levels by time:
    D:11: 3216 daAuts
     D:9: 2451 daAuts
     D:6: 2032 daAuts
     D:7: 1681 daAuts
     D:3: 1547 daAuts
    D:12: 1418 daAuts
  Lair:2: 1349 daAuts
    D:10: 1286 daAuts
     D:5: 1043 daAuts
     D:8: 889 daAuts
  Lair:1: 814 daAuts
  Lair:3: 797 daAuts
     D:1: 785 daAuts
     D:2: 776 daAuts
     D:4: 613 daAuts
